 Dungeon Crawl Stone Soup version 0.16-a0-1301-gf74d490 (console) character file.

2876 bigpunch the Cudgeler (level 9, -2/88 HPs)
             Began as an Ogre Fire Elementalist on Oct 14, 2014.
             Was an Initiate of Ashenzari.
             Slain by an orc warrior
             ... wielding a +0 glaive
              (18 damage)
             ... on level 8 of the Dungeon on Oct 15, 2014.
             The game lasted 00:40:52 (5114 turns).

bigpunch the Cudgeler (Ogre Fire Elementalist)      Turns: 5114, Time: 00:40:52

Health: -2/88      AC:  9    Str: 16    XL:     9   Next: 76%
Magic:  22/29      EV: 11    Int: 16    God:    Ashenzari [......]
Gold:   14         SH:  0    Dex: 10    Spells: 4 memorised, 6 levels left

rFire  . . .     SeeInvis .     a - +1 flail (crush)
rCold  . . .     Clarity  .     e - +0 robe
rNeg   . . .     SustAb   .     (shield restricted)
rPois  .         Gourm    .     (helmet restricted)
rElec  .         Spirit   .     J - +1 cloak
rCorr  .         Warding  .     (gloves unavailable)
rMut   +         Stasis   .     (boots unavailable)
MR     .....                    B - amulet of resist mutation
Stlth  +.........               t - cursed +4 ring of protection
                                m - ring of magical power

@: very slightly contaminated, not resistant to hostile enchantments, very
unstealthy
A: unfitting armour, tough skin 1
a: Renounce Religion


You were on level 8 of the Dungeon.
You worshipped Ashenzari.
Ashenzari was noncommittal.
You were not hungry.

You visited 2 branches of the dungeon, and saw 9 of its levels.
You also visited: Sewer.

You collected 374 gold pieces.
You spent 360 gold pieces at shops.

Inventory:

Hand weapons
 a - a +1 flail of crushing (weapon)
 b - a +0 blowgun
 I - a +2 quarterstaff of chaos
Missiles
 g - 4 needles of frenzy
 q - 4 tomahawks (quivered)
 s - 28 poisoned needles
Armour
 e - a +0 robe (worn)
 J - a +1 cloak (worn)
Magical staves
 G - an uncursed staff of air
Jewellery
 d - an uncursed ring of see invisible
 j - an uncursed ring of sustain abilities
 m - a ring of magical power (left hand)
 t - a cursed +4 ring of protection (right hand)
 v - an uncursed ring of protection from magic
 B - an amulet of resist mutation (around neck)
Magical devices
 E - a wand of frost (37)
Scrolls
 h - 5 scrolls of remove curse
 p - a scroll of recharging
 u - a scroll of fear
 y - 2 scrolls of amnesia
 C - a scroll of immolation
 L - 2 scrolls of curse armour
 Q - a scroll of fog
Potions
 i - a potion of brilliance
 k - 5 potions of flight
 l - 4 potions of curing
 n - 2 potions of berserk rage
 o - 2 potions of haste
 w - a potion of agility
 z - a potion of might
 A - 2 potions of heal wounds
 D - a potion of restore abilities
 F - a potion of resistance {unknown}
 H - a potion of lignification {unknown}
 M - 2 potions of magic {unknown}
Books
 K - a book of Flames

   Spells                             Type                      Level
   *Flame Tongue                      Conjuration/Fire             1
   Throw Flame                        Conjuration/Fire             2
   *Conjure Flame                     Conjuration/Fire             3
   Inner Flame                        Hexes/Fire                   3
   *Sticky Flame                      Conjuration/Fire             4
   Fireball                           Conjuration/Fire             5
 N - a book of Necromancy

   Spells                             Type                      Level
   Pain                               Necromancy                   1
   Animate Skeleton                   Necromancy                   1
   Vampiric Draining                  Necromancy                   3
   *Regeneration                      Charms/Necromancy            3
   Animate Dead                       Necromancy                   4
   Control Undead                     Necromancy                   4
Comestibles
 c - 3 meat rations
 f - 5 beef jerkies
 r - 4 bread rations
 x - a rotting chunk of adder flesh


   Skills:
 + Level 5.3 Fighting
 * Level 7.9 Maces & Flails
 + Level 4.2 Throwing
 + Level 4.2 Dodging
 - Level 2.0 Stealth
 + Level 4.8 Spellcasting
 + Level 4.4 Conjurations
 * Level 0.3 Necromancy
 + Level 4.6 Fire Magic


You had 6 spell levels left.
You knew the following spells:

 Your Spells              Type           Power        Failure   Level  Hunger
a - Flame Tongue          Conj/Fire      ###..        2%          1    None
b - Conjure Flame         Conj/Fire      ###.....     10%         3    ###....
c - Sticky Flame          Conj/Fire      ###.....     28%         4    ####...
z - Regeneration          Chrm/Necr      #.........   52%         3    ###....


Dungeon Overview and Level Annotations

Branches:
Dungeon (8/15)             Temple (1/1) D:6
   Lair: D:8-11

Altars:
Ashenzari
Dithmenos
Fedhas
Gozag
Kikubaaqudgha
Makhleb
Nemelex Xobeh
Okawaru
Qazlal
Ru
Sif Muna
Trog
Xom
Zin
The Shining One

Shops:
D:5 :(*   D:6 :


Innate Abilities, Weirdness & Mutations

You are too large for most types of armour.
You have tough skin (AC +1).


Message History

Something smites you!
You barely miss the orc warrior.
The orc warrior is moderately wounded.
The orc warrior burns!
The orc barely misses you.
The orc priest calls down the wrath of Beogh upon you.
Something smites you!
You hit the orc warrior but do no damage.
The orc warrior is heavily wounded.
The orc warrior burns!
The orc warrior stops burning.
The orc warrior hits you with a glaive!
* * * LOW HITPOINT WARNING * * *
The orc hits you but does no damage.
You hit the orc warrior but do no damage.
The orc warrior is heavily wounded.
The orc hits you with a runed whip!
* * * LOW HITPOINT WARNING * * *
The orc warrior barely misses you.
The orc warrior looks more healthy.
The orc warrior hits you from afar with a glaive!!
You die...

# ## ....
##. .....
... ......
... ##.#...
#.###......
#...#...#
#.....#
#.@o..#
###)#o#
#o#.# #o..#
##....$...
.....##
.....#
.....#
.....#


You could see an orc warrior, an orc priest and 2 orcs.

Vanquished Creatures
  A hill giant (D:6)
  The ghost of hackum the Covered, an average DgFi (D:5)
  A hungry ghost (D:7)
  Menkaure (D:6)
  A sky beast (D:7)
  2 phantoms
  2 ogres
  2 centaurs
  2 black bears
  Sigmund (D:5)
  2 giant frogs
  A troll zombie (D:7)
  4 crimson imps
  A jelly (D:5)
  A goliath beetle (D:7)
  3 hounds
  Crazy Yiuf (D:5)
  2 iguanas
  2 orc priests
  2 orc wizards
  2 worker ants (D:6)
  Terence (D:2)
  12 adders
  4 gnolls (D:6)
  A scorpion zombie (D:5)
  2 shadow imps (D:5)
  6 giant mites
  4 worms
  7 giant geckos
  4 oozes
  10 orcs
  8 giant cockroaches
  15 goblins
  11 hobgoblins
  10 jackals
  5 quokkas
  4 ball pythons
  19 bats
  10 giant newts
  A goblin skeleton (D:5)
  11 kobolds
  2 orc skeletons
  14 rats
196 creatures vanquished.

Notes
Turn   | Place    | Note
--------------------------------------------------------------
     0 | D:1      | bigpunch, the Ogre Fire Elementalist, began the quest for the Orb.
     0 | D:1      | Reached XP level 1. HP: 16/16 MP: 3/3
     0 | D:1      | Upgraded the game from 0.16-a0-1276-g18860b1 to 0.16-a0-1301-gf74d490
     0 | D:1      | welcome!
    85 | D:1      | Reached skill level 1 in Maces & Flails
   108 | D:1      | Reached XP level 2. HP: 15/26 MP: 0/5
   171 | D:1      | Reached skill level 1 in Fighting
   361 | D:1      | Reached skill level 1 in Conjurations
   465 | D:2      | Reached XP level 3. HP: 26/33 MP: 5/6
   485 | D:2      | Found a shadowy altar of Dithmenos.
   588 | D:2      | Noticed Terence
  1037 | D:3      | Reached XP level 4. HP: 42/42 MP: 8/8
  1129 | D:3      | Learned a level 4 spell: Sticky Flame
  1133 | D:3      | Learned a level 3 spell: Conjure Flame
  1493 | D:2      | Killed Terence
  1493 | D:2      | Reached XP level 5. HP: 44/50 MP: 4/9
  1562 | D:3      | Reached skill level 3 in Maces & Flails
  1597 | D:4      | Noticed an ogre
  1605 | D:4      | HP: 1/50 [ogre/giant club (32)]
  1608 | D:4      | Killed an ogre
  1608 | D:4      | Reached skill level 1 in Throwing
  1726 | D:4      | Reached XP level 6. HP: 22/59 MP: 5/11
  1939 | D:4      | Reached skill level 4 in Maces & Flails
  1986 | D:4      | Found a sacrificial altar of Ru.
  2032 | D:4      | Reached XP level 7. HP: 51/67 MP: 14/14
  2216 | D:5      | Entered Level 5 of the Dungeon
  2315 | D:5      | Found Hugher's Weapon Shop.
  2350 | D:5      | Noticed Sigmund
  2380 | D:5      | Killed Sigmund
  2443 | D:5      | Found Unoweto's General Store.
  2487 | D:5      | Noticed hackum's ghost (average DgFi)
  2544 | D:5      | Killed hackum's ghost
  2544 | D:5      | Reached skill level 5 in Maces & Flails
  2607 | D:5      | Reached XP level 8. HP: 78/78 MP: 17/17
  2714 | D:5      | Found an iron altar of Okawaru.
  2860 | D:5      | Noticed Crazy Yiuf
  2884 | D:5      | Killed Crazy Yiuf
  2962 | D:5      | You fall through a shaft for 2 floors!
  2962 | D:7      | Found an ancient bone altar of Kikubaaqudgha.
  3200 | D:7      | Reached skill level 6 in Maces & Flails
  3646 | D:6      | Noticed a hill giant
  3655 | D:6      | Found a glowing drain.
  3669 | Sewer    | Entered a sewer
  3743 | Sewer    | Reached XP level 9. HP: 79/85 MP: 20/20
  4339 | D:5      | Found Ufurphong's Book Shop.
  4405 | D:6      | Killed a hill giant
  4405 | D:6      | Reached skill level 5 in Fighting
  4405 | D:6      | Reached skill level 7 in Maces & Flails
  4482 | D:6      | Noticed Menkaure
  4521 | D:6      | Found a staircase to the Ecumenical Temple.
  4534 | Temple   | Entered the Ecumenical Temple
  4554 | Temple   | Became a worshipper of Ashenzari the Shackled
  4748 | D:6      | Found Zeuwn's Book Shop.
  4757 | D:6      | Bought a book of Necromancy for 360 gold pieces
  4768 | D:6      | Learned a level 3 spell: Regeneration
  4981 | D:6      | Killed Menkaure
  5114 | D:8      | Slain by an orc warrior

Action                   |  1- 3 |  4- 6 |  7- 9 || total
-------------------------+-------+-------+-------++-------
Melee: Whip              |    14 |       |       ||    14
       Mace              |    20 |    32 |       ||    52
       Flail             |       |    29 |   359 ||   388
 Fire: Blowgun           |       |       |    36 ||    36
Throw: Stone             |    12 |       |       ||    12
       Tomahawk          |       |     7 |     7 ||    14
 Cast: Flame Tongue      |    54 |    86 |    65 ||   205
       Conjure Flame     |       |     3 |     5 ||     8
       Sticky Flame      |       |       |     5 ||     5
  Use: Scroll            |     7 |     3 |    13 ||    23
       Potion            |       |     1 |     1 ||     2
 Stab: Sleeping          |       |       |     3 ||     3
  Eat: Chunk             |     1 |     5 |    10 ||    16
       Beef jerky        |       |       |     1 ||     1
       Fruit             |       |       |     5 ||     5
